PUB
HONOLULU RAYS @ HOLLYWOOD STARS
08/24/1972
 
TOP OF THE 1ST
Honolulu Rays batting - Pitching for Hollywood Stars : RHP Art Mahaffey
Pitching: RHP Art Mahaffey
Batting: LHB Kuan Zhang 0-0: Ball
1-0: Ball
2-0: Ball
3-0: Called Strike
3-1: Base on Balls
Batting: LHB Jay Johnstone 0-0: Ground out 6-3 (Groundball, 56, EV 104.4 MPH)
Kuan Zhang to second
Batting: LHB Otto Eldridge 0-0: Foul Ball, location: 7LDF
0-1: Ball
1-1: Ball
2-1: Fly out, F7 (Flyball, 78S, EV 86.9 MPH)
Batting: LHB Kyle MacKinley 0-0: Foul Ball, location: 23F
0-1: Foul Ball, location: 2F
0-2: Fly out, F9 (Flyball, 8RM, EV 86.9 MPH)
Top of the 1st over - 0 runs, 0 hits, 0 errors, 1 left on base; Honolulu 0 - Hollywood 0
BOTTOM OF THE 1ST
Hollywood Stars batting - Pitching for Honolulu Rays : RHP Jeffrey Pearson
Pitching: RHP Jeffrey Pearson
Batting: SHB Tetsuhiko Harada 0-0: Ball
1-0: Called Strike
1-1: Foul Ball, location: 3DF
1-2: Strikes out looking
Batting: LHB Jimmie Hall 0-0: Called Strike
0-1: Ball
1-1: Called Strike
1-2: Strikes out looking
Batting: LHB Bob James 0-0: Called Strike
0-1: Foul Ball, location: 2F
0-2: Fly out, F7 (Flyball, 78M, EV 76.3 MPH)
Bottom of the 1st over - 0 runs, 0 hits, 0 errors, 0 left on base; Honolulu 0 - Hollywood 0
TOP OF THE 2ND
Honolulu Rays batting - Pitching for Hollywood Stars : RHP Art Mahaffey
Batting: RHB John Hudson 0-0: Called Strike
0-1: Ball
1-1: Foul Ball, location: 9LDF
1-2: Ball
2-2: Strikes out swinging
Batting: RHB Ted Sizemore 0-0: Ground out 6-3 (Groundball, 4MS, EV 77.5 MPH)
Batting: LHB Del Unser 0-0: Foul Ball, location: 7LMF
0-1: Foul Ball, location: 3F
0-2: Ball
1-2: Ground out 4-3 (Groundball, 34D, EV 98.8 MPH)
Top of the 2nd over - 0 runs, 0 hits, 0 errors, 0 left on base; Honolulu 0 - Hollywood 0
BOTTOM OF THE 2ND
Hollywood Stars batting - Pitching for Honolulu Rays : RHP Jeffrey Pearson
Batting: RHB Brian Fowler 0-0: Ball
1-0: Swinging Strike
1-1: Foul Ball, location: 7LMF
1-2: Foul Ball, location: 3SF
1-2: Ball
2-2: Ball
3-2: Strikes out swinging
Batting: RHB Anthony Townsend 0-0: Foul Ball, location: 7LSFF
0-1: Ball
1-1: Foul Ball, location: 2F
1-2: Ball
2-2: Strikes out swinging
Batting: RHB Carl Lott 0-0: Ground out 5-3 (Groundball, 56, EV 108.1 MPH)
Bottom of the 2nd over - 0 runs, 0 hits, 0 errors, 0 left on base; Honolulu 0 - Hollywood 0
TOP OF THE 3RD
Honolulu Rays batting - Pitching for Hollywood Stars : RHP Art Mahaffey
Batting: SHB Buck Rodgers 0-0: DOUBLE (Line Drive, 78XD, EV 108.1 MPH)
Batting: RHB Jeffrey Pearson 0-0: Sac Bunt to 25 - play at first, batter OUT! 5-4
Buck Rodgers to third
Batting: LHB Kuan Zhang 0-0: Ball
1-0: 2-RUN HOME RUN (Flyball, 9D, EV 98.8 MPH), Distance : 366 ft
Batting: LHB Jay Johnstone 0-0: Ball
1-0: Ball
2-0: Called Strike
2-1: Swinging Strike
2-2: Ball
3-2: Foul Ball, location: 2F
3-2: Ground out 4-3 (Groundball, 4, EV 82.5 MPH)
Batting: LHB Otto Eldridge 0-0: Called Strike
0-1: Called Strike
0-2: Foul Ball, location: 2F
0-2: Ball
1-2: Foul Ball, location: 5F
1-2: Ground out 5-3 (Groundball, 56S, EV 69.4 MPH)
Top of the 3rd over - 2 runs, 2 hits, 0 errors, 0 left on base; Honolulu 2 - Hollywood 0
BOTTOM OF THE 3RD
Hollywood Stars batting - Pitching for Honolulu Rays : RHP Jeffrey Pearson
Batting: LHB Eugene Williams 0-0: Called Strike
0-1: SINGLE (Line Drive, 34D, EV 97.5 MPH)
Batting: RHB Paul West 0-0: Called Strike
0-1: Foul Ball, location: 7LSF
0-2: Ball
1-2: Fielders Choice at 2nd, 4-6 (Groundball, 4, EV 80.0 MPH)
Batting: RHB Art Mahaffey Pickoff Throw to First - Out! 1-3
0-0: Ball
1-0: Called Strike
1-1: Foul Ball, location: 2RF
1-2: Ball
2-2: Ball
3-2: Strikes out swinging
Bottom of the 3rd over - 0 runs, 1 hit, 0 errors, 0 left on base; Honolulu 2 - Hollywood 0
TOP OF THE 4TH
Honolulu Rays batting - Pitching for Hollywood Stars : RHP Art Mahaffey
Batting: LHB Kyle MacKinley 0-0: Called Strike
0-1: Swinging Strike
0-2: Ball
1-2: Strikes out looking
Batting: RHB John Hudson 0-0: Foul Ball, location: 3F
0-1: Ball
1-1: SINGLE (Groundball, 23, EV 66.3 MPH) (infield hit)
Batting: RHB Ted Sizemore 0-0: Ball
1-0: Swinging Strike
1-1: SINGLE (Groundball, 6MD, EV 96.3 MPH)
John Hudson to second
John Hudson to third
Batting: LHB Del Unser 0-0: Ball
1-0: Fielders Choice at 2nd, 3-6 (Groundball, 3, EV 86.9 MPH)
John Hudson scores
Batting: SHB Buck Rodgers 0-0: DOUBLE (Flyball, 8RD, EV 106.9 MPH)
Del Unser to third
Runner from 3rd tries for Home, SAFE, no throw by CF
Batting: RHB Jeffrey Pearson 0-0: Foul Ball, location: 25F
0-1: Swinging Strike
0-2: Ball
1-2: Foul Ball, location: 2F
1-2: Ball
2-2: SINGLE (Groundball, 6MD, EV 95.6 MPH)
Buck Rodgers to third
Runner from 3rd tries for Home, SAFE, throw by CF to home
Batting: LHB Kuan Zhang 0-0: Foul Ball, location: 7LSF
0-1: Swinging Strike
0-2: Strikes out looking
Top of the 4th over - 3 runs, 4 hits, 0 errors, 1 left on base; Honolulu 5 - Hollywood 0
BOTTOM OF THE 4TH
Hollywood Stars batting - Pitching for Honolulu Rays : RHP Jeffrey Pearson
Batting: SHB Tetsuhiko Harada 0-0: Foul Ball, location: 7LDF
0-1: Ball
1-1: Swinging Strike
1-2: SOLO HOME RUN (Flyball, 9D, EV 97.5 MPH), Distance : 382 ft
Batting: LHB Jimmie Hall 0-0: Foul Ball, location: 3FF
0-1: Ball
1-1: Ball
2-1: Fly out, F8 (Flyball, 8RXD, EV 88.1 MPH)
Batting: LHB Bob James 0-0: Foul Ball, location: 3SF
0-1: Swinging Strike
0-2: Ball
1-2: Ball
2-2: Ball
3-2: Strikes out looking
Batting: RHB Brian Fowler 0-0: Ball
1-0: Foul Ball, location: 2F
1-1: Called Strike
1-2: Ball
2-2: Ball
3-2: Strikes out swinging
Bottom of the 4th over - 1 run, 1 hit, 0 errors, 0 left on base; Honolulu 5 - Hollywood 1
TOP OF THE 5TH
Honolulu Rays batting - Pitching for Hollywood Stars : RHP Art Mahaffey
Batting: LHB Jay Johnstone 0-0: Ball
1-0: Called Strike
1-1: Ball
2-1: Foul Ball, location: 7LSF
2-2: Ball
3-2: Strikes out looking
Batting: LHB Otto Eldridge 0-0: Fly out, F7 (Flyball, 7S, EV 90.6 MPH)
Batting: LHB Kyle MacKinley 0-0: Called Strike
0-1: Ball
1-1: Foul Ball, location: 9LMF
1-2: Ball
2-2: Ball
3-2: Base on Balls
Batting: RHB John Hudson 0-0: Fielders Choice at 2nd, 5-4 (Groundball, 56, EV 93.8 MPH)
Top of the 5th over - 0 runs, 0 hits, 0 errors, 1 left on base; Honolulu 5 - Hollywood 1
BOTTOM OF THE 5TH
Hollywood Stars batting - Pitching for Honolulu Rays : RHP Jeffrey Pearson
Batting: RHB Anthony Townsend 0-0: Called Strike
0-1: Swinging Strike
0-2: Strikes out swinging
Batting: RHB Carl Lott 0-0: Called Strike
0-1: Called Strike
0-2: Strikes out looking
Batting: LHB Eugene Williams 0-0: SINGLE (Flyball, 78S, EV 93.8 MPH)
Batting: RHB Paul West 0-0: Foul Ball, location: 3F
0-1: Foul Ball, location: 2F
0-2: Strikes out swinging
Bottom of the 5th over - 0 runs, 1 hit, 0 errors, 1 left on base; Honolulu 5 - Hollywood 1
TOP OF THE 6TH
Honolulu Rays batting - Pitching for Hollywood Stars : RHP Art Mahaffey
Batting: RHB Ted Sizemore 0-0: Ball
1-0: Called Strike
1-1: Ball
2-1: SINGLE (Groundball, 3D, EV 106.3 MPH)
Batting: LHB Del Unser 0-0: Ball
Wild Pitch!
Ted Sizemore to second
1-0: Ball
2-0: Swinging Strike
2-1: Foul Ball, location: 2F
2-2: SINGLE (Line Drive, 7S, EV 97.5 MPH)
Ted Sizemore to third
Batting: SHB Buck Rodgers 0-0: Called Strike
0-1: SINGLE (Line Drive, 78M, EV 95.0 MPH)
Ted Sizemore scores
Del Unser to second
Batting: RHB Jeffrey Pearson 0-0: Bunted foul
0-1: Bunted foul
0-2: Sac Bunt to 5S - play at first, batter OUT! 5-4
Del Unser to third
Buck Rodgers to second
Batting: LHB Kuan Zhang 0-0: Ball
1-0: Ball
2-0: Ball
3-0: Called Strike
3-1: Called Strike
3-2: Base on Balls
Pitching: RHP Steve Arlin
Now at 3B: Arturo Gonzáles
Batting: LHB Jay Johnstone 0-0: Ball
1-0: Called Strike
1-1: Swinging Strike
1-2: Ball
2-2: DOUBLE (Groundball, 5L, EV 106.3 MPH)
Del Unser scores
Buck Rodgers scores
Kuan Zhang to third
Runner from 3rd tries for Home, SAFE, throw by LF to trailing runner, SAFE at third!
Batting: LHB Otto Eldridge 0-0: Ball
1-0: Ball
2-0: Called Strike
2-1: Foul Ball, location: 2F
2-2: Foul Ball, location: 9LMF
2-2: Ball
3-2: Foul Ball, location: 23FF
3-2: Base on Balls
Batting: LHB Kyle MacKinley 0-0: Fly out, F5 (Popup, 56S, EV 63.8 MPH)
Batting: RHB John Hudson 0-0: Ball
1-0: Ball
2-0: Ball
3-0: Called Strike
3-1: Swinging Strike
3-2: Strikes out swinging
Top of the 6th over - 4 runs, 4 hits, 0 errors, 2 left on base; Honolulu 9 - Hollywood 1
BOTTOM OF THE 6TH
Hollywood Stars batting - Pitching for Honolulu Rays : RHP Jeffrey Pearson
Batting: RHB Arturo Gonzáles 0-0: Called Strike
0-1: Ball
1-1: Foul Ball, location: 2RF
1-2: Fly out, F6 (Popup, 6MS, EV 61.3 MPH)
Batting: SHB Tetsuhiko Harada 0-0: Swinging Strike
0-1: Called Strike
0-2: Strikes out swinging
Batting: LHB Jimmie Hall 0-0: Ball
1-0: Called Strike
1-1: Swinging Strike
1-2: Ball
2-2: Foul Ball, location: 9LSF
2-2: Foul Ball, location: 5FF
2-2: Ball
3-2: Base on Balls
Batting: LHB Bob James 0-0: Swinging Strike
0-1: Foul Ball, location: 7LDF
0-2: Ball
1-2: Strikes out swinging
Bottom of the 6th over - 0 runs, 0 hits, 0 errors, 1 left on base; Honolulu 9 - Hollywood 1
TOP OF THE 7TH
Honolulu Rays batting - Pitching for Hollywood Stars : RHP Steve Arlin
Batting: RHB Ted Sizemore 0-0: Called Strike
0-1: Foul Ball, location: 9LDF
0-2: Fly out, F9 (Flyball, 9D, EV 105.6 MPH)
Batting: LHB Del Unser 0-0: SINGLE (Line Drive, 34D, EV 95.0 MPH)
Batting: SHB Buck Rodgers 0-0: Ball
1-0: Grounds into double play, 4-6-3 (Groundball, 4, EV 104.4 MPH)
Top of the 7th over - 0 runs, 1 hit, 0 errors, 0 left on base; Honolulu 9 - Hollywood 1
BOTTOM OF THE 7TH
Hollywood Stars batting - Pitching for Honolulu Rays : RHP Jeffrey Pearson
Batting: RHB Brian Fowler 0-0: Ball
1-0: Ball
2-0: Ground out 2-3 (Groundball, 2L, EV 66.3 MPH)
Batting: RHB Anthony Townsend 0-0: Ball
1-0: Fly out, F7 (Flyball, 7LS, EV 96.3 MPH)
Batting: RHB Carl Lott 0-0: SINGLE (Groundball, 6MD, EV 103.1 MPH)
Batting: LHB Eugene Williams 0-0: Swinging Strike
0-1: Ball
1-1: SINGLE (Groundball, 34S, EV 68.8 MPH) (infield hit)
Carl Lott to second
Pinch Hitting: LHB Ken Steele 0-0: Ball
1-0: Ball
2-0: Called Strike
2-1: Called Strike
2-2: Ground out 4-3 (Groundball, 4, EV 110.0 MPH)
Bottom of the 7th over - 0 runs, 2 hits, 0 errors, 2 left on base; Honolulu 9 - Hollywood 1
TOP OF THE 8TH
Honolulu Rays batting - Pitching for Hollywood Stars : RHP Steve Arlin
Pitching: RHP Walt Dennis
Batting: RHB Jeffrey Pearson 0-0: Called Strike
0-1: Ball
1-1: Ball
2-1: Foul Ball, location: 9LDF
2-2: Strikes out swinging
Pinch Hitting: SHB Mark Berry 0-0: DOUBLE (Line Drive, 78D, EV 101.9 MPH)
Batting: LHB Jay Johnstone 0-0: Called Strike
0-1: Foul Ball, location: 5F
0-2: Ball
1-2: Strikes out swinging
Batting: LHB Otto Eldridge 0-0: Called Strike
0-1: Ball
1-1: Swinging Strike
1-2: Foul Ball, location: 25F
1-2: Foul Ball, location: 5F
1-2: Ball
2-2: Ball
3-2: Ground out 6-3 (Groundball, P, EV 88.8 MPH)
Top of the 8th over - 0 runs, 1 hit, 0 errors, 1 left on base; Honolulu 9 - Hollywood 1
BOTTOM OF THE 8TH
Hollywood Stars batting - Pitching for Honolulu Rays : RHP Jeffrey Pearson
Now at 2B: Ted Sizemore
Now at SS: Mark Berry
Batting: RHB Arturo Gonzáles 0-0: Ball
1-0: Foul Ball, location: 9LSF
1-1: Ball
2-1: Ball
3-1: SINGLE (Groundball, 13, EV 75.6 MPH) (infield hit)
Batting: SHB Tetsuhiko Harada 0-0: Called Strike
0-1: Ball
1-1: Ball
2-1: Ball
3-1: Base on Balls
Arturo Gonzáles to second
Batting: LHB Jimmie Hall 0-0: Called Strike
0-1: SINGLE (Groundball, 15S, EV 60.0 MPH) (infield hit)
Arturo Gonzáles to third
Tetsuhiko Harada to second
Batting: LHB Bob James 0-0: Ball
1-0: DOUBLE (Line Drive, 89D, EV 108.8 MPH)
Arturo Gonzáles scores
Tetsuhiko Harada scores
Jimmie Hall to third
Batting: RHB Brian Fowler 0-0: Called Strike
0-1: Fly out, F8 (Flyball, 8LS, EV 83.8 MPH)
Batting: RHB Anthony Townsend 0-0: Called Strike
0-1: Called Strike
0-2: Ball
1-2: Foul Ball, location: 9LMF
1-2: Foul Ball, location: 9LMF
1-2: Foul Ball, location: 2F
1-2: Ball
2-2: Ball
3-2: Base on Balls
Pitching: LHP Esteban Morán
Batting: RHB Carl Lott 0-0: Ball
Wild Pitch!
Jimmie Hall scores
Bob James to third
Anthony Townsend to second
1-0: Ball
2-0: Ball
3-0: Base on Balls
Batting: LHB Eugene Williams 0-0: Foul Ball, location: 2F
0-1: Ball
1-1: SINGLE (Groundball, 4D, EV 94.4 MPH)
Bob James scores
Anthony Townsend to third
Carl Lott to second
Runner from 3rd tries for Home, SAFE, throw by CF to home
Pinch Hitting: LHB John O'Rourke 0-0: Ball
1-0: Ball
2-0: Ball
3-0: Called Strike
3-1: Swinging Strike
3-2: Foul Ball, location: 3FF
3-2: Foul Ball, location: 7LDF
3-2: Base on Balls
Carl Lott to third
Eugene Williams to second
Pitching: RHP Tristan Gilles
Batting: RHB Arturo Gonzáles 0-0: Ball
1-0: Called Strike
1-1: Swinging Strike
1-2: Ball
2-2: Strikes out looking
Batting: SHB Tetsuhiko Harada 0-0: Called Strike
0-1: Foul Ball, location: 2F
0-2: Foul Ball, location: 2F
0-2: Ball
1-2: Strikes out swinging
Bottom of the 8th over - 5 runs, 4 hits, 0 errors, 3 left on base; Honolulu 9 - Hollywood 6
TOP OF THE 9TH
Honolulu Rays batting - Pitching for Hollywood Stars : RHP Walt Dennis
Pitching: LHP Mark Wood
Pinch Hitting: SHB Emery Hutchinson 0-0: Called Strike
0-1: Called Strike
0-2: Strikes out looking
Batting: RHB John Hudson 0-0: Ball
1-0: Fly out, F6 (Popup, 15S, EV 86.3 MPH)
Batting: RHB Ted Sizemore 0-0: Ball
1-0: Ground out 5-3 (Groundball, 56S, EV 68.8 MPH)
Top of the 9th over - 0 runs, 0 hits, 0 errors, 0 left on base; Honolulu 9 - Hollywood 6
BOTTOM OF THE 9TH
Hollywood Stars batting - Pitching for Honolulu Rays : RHP Tristan Gilles
Pitching: RHP Sancho Calivillo
Now at 1B: Tin Truong
Batting: LHB Jimmie Hall 0-0: Called Strike
0-1: Called Strike
0-2: Foul Ball, location: 2F
0-2: Ball
1-2: Foul Ball, location: 2F
1-2: Ball
2-2: Foul Ball, location: 7LDF
2-2: Strikes out swinging
Batting: LHB Bob James 0-0: Foul Ball, location: 7LSF
0-1: Ball
1-1: Called Strike
1-2: Foul Ball, location: 7LSF
1-2: Strikes out swinging
Batting: RHB Brian Fowler 0-0: SINGLE (Groundball, 56D, EV 103.1 MPH)
Batting: RHB Anthony Townsend 0-0: Called Strike
0-1: Ball
1-1: Fly out, F8 (Flyball, 8LXD, EV 95.6 MPH)
Bottom of the 9th over - 0 runs, 1 hit, 0 errors, 1 left on base; Honolulu 9 - Hollywood 6
Friday, April 26th , 2024 - OOTP Baseball 24.8 Build 75